 Dungeon Crawl Stone Soup version 0.25.1-8-g42b30a86e7 (webtiles) character file.

Game seed: 2305466071579438974

158 H0rd4k the Magician (level 5, 0/28 HPs)
             Began as a Deep Elf Wizard on Dec 1, 2020.
             Slain by a jackal (2 damage)
             ... in a sewer.
             The game lasted 00:05:28 (2660 turns).

H0rd4k the Magician (Deep Elf Wizard)               Turns: 2660, Time: 00:05:29

Health: 0/28       AC:  2    Str:  4    XL:     5   Next: 16%
Magic:  1/15       EV: 13    Int: 24    God:
Gold:   102        SH:  0    Dex: 13    Spells: 7/16 levels left

rFire    . . .     SeeInvis .   (no weapon)
rCold    . . .     Gourm    .   (no shield)
rNeg     . . .     Faith    .   a - +0 robe
rPois    .         Spirit   .   b - +0 hat
rElec    .         Reflect  .   (no cloak)
rCorr    .         Harm     .   (no gloves)
MR       .....                  (no boots)
Stlth    ++........             (no amulet)
HPRegen  0.09/turn              (no ring)
MPRegen  0.14/turn              (no ring)

@: no status effects
A: no striking features
a: no special abilities


You were in a sewer.
You were not hungry.

You visited 1 branch of the dungeon, and saw 3 of its levels.
You also visited: Sewer.

You collected 102 gold pieces.

Inventory:

Missiles
 m - 13 poisoned darts (quivered)
Armour
 a - a +0 robe (worn)
 b - a +0 hat (worn)
Scrolls
 c - a scroll of fear {unknown}
 e - 2 scrolls of identify {unknown}
 h - a scroll of enchant weapon {unknown}
 i - a scroll of immolation {unknown}
 k - a scroll of fog {unknown}
 l - a scroll of remove curse {unknown}
Comestibles
 d - 4 rations


   Skills:
 + Level 3.0 Dodging
 + Level 3.3 Stealth
 + Level 6.3 Spellcasting
 + Level 2.5 Conjurations
   Level 1.1 Summonings
 + Level 1.1 Translocations
 * Level 0.7 Fire Magic
 * Level 1.2 Air Magic
 * Level 0.2 Poison Magic


You had 7 spell levels left.
You knew the following spells:

 Your Spells              Type           Power        Failure   Level  Hunger
a - Magic Dart            Conj           ###.         2%          1    None
b - Blink                 Tloc           N/A          8%          2    None
c - Conjure Flame         Conj/Fire      ###.....     12%         3    None
d - Mephitic Cloud        Conj/Pois/Air  ##......     14%         3    None

Your spell library contained the following spells:

 Spells                   Type           Power        Failure   Level  Hunger
 Call Imp                 Summ           ##......     8%          2    None
 Slow                     Hex            #.......     12%         2    None


Dungeon Overview and Level Annotations

Branches:
Dungeon (3/15)              Sewer (1/1)

Altars:

Annotations:
D:1 exclusion: downstairs


Message History

The river rat bites you.
* * * LOW HITPOINT WARNING * * *
Unknown command.
The jackal barely misses you. The jackal bites you.
* * * LOW HITPOINT WARNING * * *
It was a potion of cancellation.
You feel magically purged. The river rat closely misses you.
The jackal bites you but does no damage.
The jackal bites you.
* * * LOW HITPOINT WARNING * * *
The jackal misses you.
Casting: Magic Dart (safe; 2% risk of failure)
Confirm with . or Enter, or press ? or * to list all spells.
Aiming: Magic Dart (safe; 2% risk of failure)
Press: ? - help, Shift-Dir - straight line, f/p - river rat
Aim: a river rat (heavily wounded)
The magic dart hits the jackal.
The jackal is heavily wounded.
The jackal barely misses you. The jackal bites you.
You die...

≈≈## #≈≈≈# #≈≈≈# #≈≈≈#
#≈≈≈# ##≈≈≈## #.≈≈≈.#
#@≈≈≈.### #hh≈≈..∩#
#r≈≈≈.### #.≈≈≈.#
##.≈≈≈.##
###############≈.≈≈≈..#
≈≈≈≈≈≈≈≈≈≈≈≈≈≈≈≈≈≈≈≈..#
###############.≈≈≈≈≈≈#
#≈≈≈≈≈≈.#


You could see a river rat and 2 jackals.

Vanquished Creatures
  A centaur zombie (D:2)
  A gnoll (D:1)
  4 adders
  A river rat (Sewer)
  An ooze (D:2)
  2 worms (D:2)
  7 leopard geckos
  An orc (D:2)
  5 bats
  3 giant cockroaches (D:1)
  4 goblins
  3 hobgoblins
  4 jackals
  8 kobolds
  2 quokkas (D:2)
  A ball python (D:1)
  A frilled lizard (D:2)
  10 rats
59 creatures vanquished.

Notes
Turn   | Place    | Note
-------+----------+-------------------------------------------
     0 | D:1      | H0rd4k the Deep Elf Wizard began the quest for the Orb.
     0 | D:1      | Reached XP level 1. HP: 10/10 MP: 7/7
   241 | D:1      | Reached skill level 5 in Spellcasting
   241 | D:1      | Reached XP level 2. HP: 15/15 MP: 0/10
   780 | D:1      | Reached XP level 3. HP: 5/19 MP: 3/11
  1219 | D:1      | Learned a level 2 spell: Blink
  1223 | D:1      | Learned a level 3 spell: Conjure Flame
  1227 | D:1      | Learned a level 3 spell: Mephitic Cloud
  1499 | D:2      | Reached XP level 4. HP: 24/24 MP: 3/13
  1765 | D:2      | Reached skill level 6 in Spellcasting
  2559 | D:3      | Reached XP level 5. HP: 28/28 MP: 13/15
  2579 | D:3      | Reached skill level 1 in Air Magic
  2594 | D:3      | Found a glowing drain.
  2603 | Sewer    | Entered a sewer
  2659 | Sewer    | HP: 1/28 [jackal (1)]
  2660 | Sewer    | Slain by a jackal

Illustrated notes

Levels and vault maps discovered:
D:1:      psy_arrival_fountain, layout_basic, serial_aquarium,
          aquarium_bridge_square [aquarium_subvault_window,
          aquarium_subvault_wall, aquarium_subvault_bridge,
          aquarium_subvault_bridge], aquarium_bridge_square
          [aquarium_subvault_window, aquarium_subvault_window,
          aquarium_subvault_bridge, aquarium_subvault_balcony],
          aquarium_window_1, aquarium_window_fake, aquarium_window_fake,
          aquarium_window_corner, aquarium_view_2b, aquarium_pool_side,
          minmay_tiny_reverse_x
D:2:      layout_rooms, chequers_serial_rivers_large_b, nrook_mini_backslash,
          amethyst_killhole, minivault_26
D:3:      layout_rooms, cheibrodos_sewer_entry_drain, minmay_unequal
Sewer:    sewer_kobolds

Skill      XL: |  1  2  3  4  5 |
---------------+----------------+-----
Spellcasting   | 5 6 |  6.3
Conjurations   | 2 |  2.5
Stealth        | 3 |  3.3
Dodging        | 3 |  3.0
Air Magic      | 1 |  1.2
Summonings     | |  1.1
Translocations | |  1.1
Fire Magic     | |  0.7
Poison Magic   | |  0.2

Action                   |  1- 3 |  4- 6 || total
-------------------------+-------+-------++-------
 Cast: Magic Dart        |    90 |    67 ||   157
       Blink             |       |     3 ||     3
       Conjure Flame     |       |     2 ||     2
       Mephitic Cloud    |       |     1 ||     1
  Use: Potion            |       |     3 ||     3
  Eat: Chunk             |     1 |     4 ||     5
Armor: Robe              |       |     8 ||     8
Dodge: Dodged            |    10 |    37 ||    47
